Map: Catalyst LE

Players

Bly - Winner!

  • Race: Zerg Zerg
  • League: Grandmaster
  • Spawn Location: 11:00

LiquidTLO (TLO)

  • Race: Zerg Zerg
  • League: Grandmaster
  • Spawn Location: 5:00

Event: HomeStory Cup XVI

VOD

Have the link to the VOD?

Description

Time

  • Played on: Nov. 10, 2017, 7:26 a.m.
  • Length: 8:12

All games in this series

Show
View Real Time Build Order
Export as new Build Order

Bly Zerg - Winner!

Build Orders: Hatch First 

Get SALT Encoding   

  12  0:01  Drone  
  13  0:12  Overlord  
  13  0:17  Drone  
  14  0:30  Drone x2  
  14  0:35  Drone  
  17  0:51  Hatchery  
  17  0:56  Drone  
  17  0:57  Drone  
  17  1:02  Extractor  
  17  1:13  Spawning Pool  
  17  1:17  Drone  
  17  1:20  Drone  
  18  1:29  Drone  
  19  1:39  Overlord  
  19  2:01  Queen  
  19  2:04  Queen  
  19  2:05  Zergling x2  
  19  2:06  Zergling x4  
  19  2:07  Metabolic Boost  
  26  2:16  Drone x2  
  26  2:21  Drone  
  29  2:26  Drone  
  30  2:35  Drone x2  
  32  2:44  Queen  
  34  2:51  Hatchery  
  32  2:59  Overlord  
  32  3:00  Zergling x4  
  34  3:05  Zergling x2  
  35  3:13  Overlord  
  35  3:19  Roach Warren  
  34  3:22  Zergling x6  
  34  3:23  Zergling x2  
  38  3:28  Drone x2  
  38  3:30  Drone  
  42  3:34  Drone  
  42  3:45  Evolution Chamber  
  42  3:47  Evolution Chamber  
  42  3:48  Zergling x10  
  46  3:57  Evolution Chamber  
  46  4:00  Roach x2, Evolution Chamber  
  48  4:03  Roach  
  43  4:10  Zergling x4  
  43  4:15  Roach x2  
  37  4:20  Roach  
  37  4:22  Evolution Chamber  
  36  4:24  Ravager  
  36  4:26  Drone  
  36  4:30  Drone  
  35  4:34  Drone  
  34  4:42  Queen  
  36  4:51  Drone x2  
  38  4:56  Drone x2  
  40  5:01  Drone  
  40  5:05  Zerg Missile Weapons Level 1  
  41  5:08  Drone  
  42  5:14  Drone  
  42  5:16  Queen  
  45  5:24  Overlord  
  45  5:28  Drone x2  
  47  5:39  Evolution Chamber  
  47  5:41  Evolution Chamber  
  45  5:43  Overlord  
  45  5:45  Drone x2  
  47  5:53  Roach Warren  
  47  5:55  Drone x2  
  49  5:58  Overlord  
  49  5:59  Extractor  
  49  6:03  Drone x2  
  50  6:14  Overlord  
  50  6:35  Roach x6  
  50  6:38  Roach x4  
  69  6:44  Roach  
  70  6:53  Roach x2  
  74  7:00  Zergling x4  
  74  7:01  Zergling x8  
  80  7:02  Zergling x2  
  81  7:11  Zergling x4  
  83  7:17  Zergling x2  
  83  7:19  Hatchery  
  83  7:30  Zergling x2  
  83  7:32  Overlord x2  
  83  7:34  Overlord  
  83  7:36  Overlord  
  84  7:47  Roach  
  80  7:58  Drone  
Show
View Real Time Build Order
Export as new Build Order

LiquidTLO Zerg 

Build Orders: Pool First 

Get SALT Encoding   

  12  0:00  Drone  
  13  0:13  Overlord  
  13  0:16  Drone  
  14  0:31  Drone x2  
  14  0:35  Drone  
  17  0:44  Spawning Pool  
  17  0:49  Drone  
  17  0:57  Drone  
  18  1:13  Hatchery  
  18  1:15  Extractor  
  18  1:17  Drone  
  17  1:31  Queen  
  17  1:32  Zergling x2  
  20  1:33  Zergling x2  
  20  1:39  Drone  
  22  1:49  Overlord  
  22  2:07  Queen  
  24  2:13  Drone  
  25  2:18  Metabolic Boost  
  25  2:23  Zergling x4  
  25  2:25  Zergling x2  
  28  2:32  Zergling x2  
  28  2:37  Overlord, Baneling Nest  
  28  2:40  Zergling x2  
  28  2:42  Zergling x2  
  30  2:44  Drone  
  30  2:59  Zergling x2  
  30  3:00  Zergling x6  
  34  3:10  Zergling x4  
  34  3:11  Zergling x2  
  38  3:12  Zergling x2  
  38  3:17  Zergling x2  
  39  3:21  Zergling x2  
  39  3:22  Zergling x2  
  41  3:27  Baneling x2  
  41  3:31  Baneling  
  41  3:32  Zergling x2  
  42  3:34  Zergling x2  
  43  3:46  Baneling x3  
  44  3:55  Zergling x2  
  44  4:02  Zergling x2  
  43  4:08  Zergling x4  
  43  4:09  Zergling x4  
  39  4:11  Zergling x2  
  39  4:12  Zergling x2  
  39  4:13  Zergling x4  
  36  4:20  Zergling x2  
  36  4:22  Drone  
  34  4:31  Drone  
  30  4:32  Drone  
  30  4:33  Drone  
  30  4:37  Drone  
  31  4:40  Drone  
  31  4:44  Drone  
  33  4:46  Drone  
  34  4:53  Drone x2  
  36  5:02  Evolution Chamber  
  36  5:04  Queen  
  37  5:07  Drone  
  37  5:08  Drone  
  39  5:15  Evolution Chamber  
  39  5:17  Queen  
  40  5:26  Baneling  
  40  5:27  Baneling x3  
  40  5:30  Overlord  
  40  5:33  Overlord  
  40  5:38  Overlord  
  40  5:44  Overlord  
  36  5:51  Drone x3  
  36  5:52  Drone  
  40  5:59  Zergling x2  
  40  6:02  Zerg Missile Weapons Level 1  
  41  6:06  Extractor, Roach Warren  
  41  6:07  Drone  
  41  6:09  Drone  
  41  6:16  Lair  
  41  6:17  Drone  
  42  6:20  Drone  
  42  6:21  Drone  
  42  6:24  Drone  
  45  6:26  Drone  
  45  6:28  Drone  
  47  6:34  Drone  
  47  6:35  Drone  
  47  6:36  Drone  
  47  6:39  Drone  
  51  6:42  Drone  
  51  6:43  Extractor  
  50  6:47  Roach  
  50  6:49  Roach  
  50  6:51  Roach  
  50  6:54  Roach  
  58  6:57  Roach  
  60  7:02  Roach x2  
  60  7:04  Roach  
  60  7:07  Roach  
  66  7:13  Overlord  
  66  7:18  Overlord  
  66  7:22  Spine Crawler  
  65  7:23  Overlord  
  65  7:24  Roach  
  67  7:32  Overlord  
  67  7:34  Roach  
  67  7:36  Roach  
  71  7:38  Ravager  
  71  7:40  Roach  
  71  7:43  Roach  
  73  7:48  Roach  
  73  7:49  Roach  
Tags
 
Add a new tag
Caveats
  • Supply blocks, unpowered buildings, or Contaminate may cause inaccurate times.
  • Supply counts are checked every 10 seconds.